General information
- name: BNet
- type: Ladder team game (AT/RT)
- host: Battle.net
- saver: StickInTheMud
map: FullScaleAssault
- players: 8
- length: 24:33
- speed: Fast
- version: 1.28 W3XP
- replay type: Public
» download(216 KB)
Players
team 1 (winner)

»
REDSKINBUCKEYE (
purple | 48 APM | 1189 actions | 24:33)
5 Death Knight
2 Death Coil
3 Unholy Aura
3 Crypt Lord
2 Carrion Beetles
1 Spiked Carapace
3 Dreadlord
2 Vampiric Aura
1 Sleep
» actions
| Assign group hotkey | 34 | |
| Basic commands | 54 | |
| Build / train | 106 | |
| Enter build submenu | 31 | |
| Enter hero's abilities submenu | 11 | |
| Give item / drop item | 1 | |
| Remove unit from queue | 4 | |
| Right click | 317 | |
| Select / deselect | 322 | |
| Select group hotkey | 226 | |
| Use ability | 83 | |
1189 total
» units
| Acolyte | 26 | |
| Ghoul | 11 | |
| Goblin Zeppelin | 2 | |
| Goblin Shredder | 1 | |
| Crypt Fiend | 5 | |
| Frost Wyrm | 4 | |
| Mur'gul Snarecaster | 1 | |
50 total
» upgrades
| Cannibalize | 1 | |
| Creature Attack | 3 | |
| Creature Carapace | 3 | |
| Web | 1 | |
| Ghoul Frenzy | 1 | |
| Freezing Breath | 1 | |
10 total
» buildings
| Crypt | 3 | |
| Ziggurat | 11 | |
| Altar of Darkness | 1 | |
| Tomb of Relics | 3 | |
| Nerubian Tower | 2 | |
| Halls of the Dead | 2 | |
| Necropolis | 2 | |
| Graveyard | 1 | |
| Black Citadel | 2 | |
| Spirit Tower | 2 | |
| Sacrificial Pit | 1 | |
| Boneyard | 3 | |
33 total
» build order
00:09 Crypt
00:11 Ziggurat
00:13 Crypt
00:24 Altar of Darkness
00:54 Ziggurat
00:55 Ziggurat
01:49 Tomb of Relics
02:36 Nerubian Tower
02:36 Nerubian Tower
03:08 Ziggurat
04:44 Halls of the Dead
04:44 Halls of the Dead
05:11 Necropolis
05:45 Graveyard
06:11 Crypt
06:13 Ziggurat
06:14 Ziggurat
06:18 Ziggurat
06:19 Ziggurat
06:19 Ziggurat
06:39 Necropolis
07:05 Black Citadel
07:05 Black Citadel
07:53 Spirit Tower
10:32 Sacrificial Pit
11:38 Boneyard
13:18 Boneyard
13:19 Boneyard
13:57 Tomb of Relics
13:58 Tomb of Relics
16:19 Ziggurat
16:19 Ziggurat
16:24 Spirit Tower
» items
| Periapt of Vitality | 1 | |
| Boots of Speed | 1 | |
| Scroll of Healing | 1 | |
| Orb of Corruption | 1 | |
| Scroll of Town Portal | 2 | |
6 total

»
crybaby (
blue | 62 APM | 1523 actions | 24:33)
6 Tauren Chieftain
2 War Stomp
3 Endurance Aura
1 Reincarnation
5 Pandaren Brewmaster
2 Drunken Haze
3 Drunken Brawler
4 Far Seer
2 Feral Spirit
2 Chain Lighting
» actions
| Build / train | 76 | |
| Enter build submenu | 33 | |
| Enter hero's abilities submenu | 15 | |
| Give item / drop item | 6 | |
| Remove unit from queue | 1 | |
| Right click | 809 | |
| Select / deselect | 470 | |
| Use ability | 113 | |
1523 total
» units
| Peon | 13 | |
| Grunt | 4 | |
| Goblin Shredder | 1 | |
| Shaman | 5 | |
| Troll Witch Doctor | 5 | |
| Tauren | 6 | |
34 total
» upgrades
| Pillage | 1 | |
| Shaman Training | 2 | |
| Witch Doctor Training | 2 | |
| Spiked Barricades | 1 | |
| Melee Weapons | 2 | |
| Armor | 2 | |
| Pulverize | 1 | |
11 total
» buildings
| Orc Burrow | 7 | |
| Altar of Storms | 1 | |
| Barracks | 3 | |
| Voodoo Lounge | 1 | |
| Stronghold | 1 | |
| War Mill | 2 | |
| Great Hall | 3 | |
| Fortress | 1 | |
| Spirit Lodge | 2 | |
| Watch Tower | 12 | |
| Tauren Totem | 2 | |
35 total
» build order
00:27 Orc Burrow
00:31 Altar of Storms
01:07 Barracks
01:11 Barracks
01:13 Barracks
01:22 Orc Burrow
01:47 Voodoo Lounge
03:58 Stronghold
04:12 War Mill
04:37 Orc Burrow
05:30 Great Hall
05:38 Orc Burrow
07:05 Fortress
07:08 Spirit Lodge
07:17 Spirit Lodge
10:14 Watch Tower
10:18 Great Hall
10:22 War Mill
10:24 Watch Tower
10:25 Watch Tower
10:26 Watch Tower
10:26 Watch Tower
10:28 Watch Tower
10:30 Watch Tower
10:34 Watch Tower
10:34 Watch Tower
10:44 Watch Tower
11:31 Orc Burrow
11:40 Tauren Totem
13:09 Tauren Totem
14:35 Watch Tower
15:37 Orc Burrow
17:22 Orc Burrow
17:24 Watch Tower
19:19 Great Hall
» items
| Healing Salve | 2 | |
| Lesser Clarity Potion | 3 | |
| Scroll of Town Portal | 3 | |
| Orb of Lightning | 2 | |
10 total
texas (
orange | 28 APM | 677 actions | 24:33)
4 Tauren Chieftain
2 War Stomp
2 Endurance Aura
2 Shadow Hunter
1 Hex
1 Healing Wave
2 Far Seer
1 Feral Spirit
1 Chain Lighting
» actions
| Build / train | 65 | |
| Enter build submenu | 21 | |
| Enter hero's abilities submenu | 8 | |
| Give item / drop item | 2 | |
| Right click | 272 | |
| Select / deselect | 257 | |
| Use ability | 52 | |
677 total
» units
| Peon | 14 | |
| Grunt | 10 | |
| Shaman | 6 | |
| Tauren | 10 | |
| Troll Witch Doctor | 2 | |
42 total
» upgrades
| Shaman Training | 2 | |
| Witch Doctor Training | 2 | |
| Pulverize | 1 | |
5 total
» buildings
| Orc Burrow | 8 | |
| Altar of Storms | 1 | |
| Barracks | 1 | |
| Voodoo Lounge | 2 | |
| War Mill | 1 | |
| Great Hall | 1 | |
| Stronghold | 1 | |
| Watch Tower | 2 | |
| Fortress | 1 | |
| Spirit Lodge | 1 | |
| Tauren Totem | 2 | |
21 total
» build order
00:11 Orc Burrow
00:15 Altar of Storms
00:21 Barracks
01:38 Orc Burrow
02:14 Orc Burrow
02:34 Voodoo Lounge
03:20 War Mill
04:48 Great Hall
05:28 Stronghold
05:44 Watch Tower
06:31 Watch Tower
07:49 Fortress
08:00 Spirit Lodge
08:55 Voodoo Lounge
10:53 Tauren Totem
10:58 Tauren Totem
12:30 Orc Burrow
13:27 Orc Burrow
13:33 Orc Burrow
14:38 Orc Burrow
19:18 Orc Burrow
» items
| Lesser Clarity Potion | 1 | |
| Healing Salve | 1 | |
| Scroll of Town Portal | 1 | |
| Orb of Lightning | 1 | |
| Potion of Healing | 1 | |
5 total
AAAA (
green | 64 APM | 1583 actions | 24:33)
7 Archmage
3 Summon Water Elemental
1 Brilliance Aura
2 Blizzard
1 Mass Teleport
» actions
| Build / train | 106 | |
| Enter build submenu | 26 | |
| Enter hero's abilities submenu | 7 | |
| Give item / drop item | 6 | |
| Right click | 915 | |
| Select / deselect | 421 | |
| Use ability | 100 | |
1583 total
» units
| Peasant | 7 | |
| Footman | 11 | |
| Goblin Shredder | 2 | |
| Dragonhawk Rider | 15 | |
| Gryphon Rider | 25 | |
60 total
» upgrades
| Storm Hammers | 1 | |
| Cloud | 1 | |
| Swords | 3 | |
| Animal War Training | 1 | |
| Armor | 3 | |
9 total
» buildings
| Altar of Kings | 1 | |
| Farm | 13 | |
| Barracks | 1 | |
| Lumber Mill | 1 | |
| Arcane Vault | 1 | |
| Scout Tower | 4 | |
| Keep | 3 | |
| Arcane Tower | 4 | |
| Castle | 3 | |
| Town Hall | 1 | |
| Guard Tower | 4 | |
| Gryphon Aviary | 3 | |
| Blacksmith | 1 | |
40 total
» build order
00:12 Altar of Kings
00:18 Farm
00:22 Barracks
01:00 Farm
01:25 Lumber Mill
01:47 Farm
02:36 Arcane Vault
03:01 Scout Tower
03:52 Farm
03:57 Keep
03:57 Keep
03:57 Keep
04:38 Farm
05:18 Farm
05:22 Arcane Tower
05:23 Arcane Tower
05:59 Farm
06:31 Castle
06:31 Castle
06:31 Castle
07:08 Town Hall
07:11 Scout Tower
07:13 Scout Tower
07:45 Arcane Tower
07:45 Arcane Tower
07:46 Guard Tower
07:46 Guard Tower
07:54 Gryphon Aviary
07:57 Gryphon Aviary
08:01 Gryphon Aviary
08:36 Blacksmith
09:53 Farm
10:34 Farm
11:15 Farm
11:59 Farm
13:07 Scout Tower
13:38 Guard Tower
13:38 Guard Tower
20:35 Farm
22:28 Farm
» items
| Scroll of Regeneration | 3 | |
| Boots of Speed | 1 | |
4 total
team 2 (loser)
LarryBird. (
yellow | 33 APM | 719 actions | 22:03)
6 Dreadlord
2 Sleep
3 Vampiric Aura
1 Inferno
4 Death Knight
2 Death Coil
2 Death Pact
» actions
| Basic commands | 2 | |
| Build / train | 97 | |
| Enter build submenu | 21 | |
| Enter hero's abilities submenu | 10 | |
| Give item / drop item | 6 | |
| Right click | 293 | |
| Select / deselect | 214 | |
| Use ability | 76 | |
719 total
» units
| Acolyte | 8 | |
| Ghoul | 1 | |
| Crypt Fiend | 33 | |
| Goblin Shredder | 2 | |
| Frost Wyrm | 5 | |
49 total
» upgrades
| Burrow | 1 | |
| Web | 1 | |
| Creature Attack | 3 | |
| Creature Carapace | 2 | |
| Freezing Breath | 1 | |
8 total
» buildings
| Crypt | 3 | |
| Graveyard | 1 | |
| Altar of Darkness | 1 | |
| Ziggurat | 8 | |
| Tomb of Relics | 1 | |
| Halls of the Dead | 1 | |
| Necropolis | 1 | |
| Spirit Tower | 10 | |
| Black Citadel | 1 | |
| Sacrificial Pit | 1 | |
| Boneyard | 4 | |
32 total
» build order
00:24 Crypt
00:27 Graveyard
00:52 Altar of Darkness
00:58 Ziggurat
01:15 Ziggurat
01:45 Tomb of Relics
04:20 Ziggurat
06:13 Halls of the Dead
06:25 Ziggurat
06:27 Ziggurat
06:29 Ziggurat
06:31 Ziggurat
06:33 Necropolis
07:17 Spirit Tower
07:17 Spirit Tower
07:18 Spirit Tower
07:19 Spirit Tower
07:20 Spirit Tower
07:20 Spirit Tower
07:21 Spirit Tower
07:22 Spirit Tower
07:50 Spirit Tower
07:58 Ziggurat
09:51 Black Citadel
10:08 Spirit Tower
10:12 Sacrificial Pit
12:14 Boneyard
12:17 Boneyard
12:20 Boneyard
12:22 Boneyard
19:22 Crypt
19:26 Crypt
» items
| Rod of Necromancy | 5 | |
| Scroll of Town Portal | 7 | |
12 total
StickInTheMud (
pink | 4 APM | 105 actions | 24:33)
» actions
| Build / train | 19 | |
| Enter build submenu | 18 | |
| Right click | 16 | |
| Select / deselect | 35 | |
| Use ability | 17 | |
105 total
» units
» upgrades
| Lumber Harvesting | 2 | |
| Masonry | 3 | |
5 total
» buildings
| Keep | 1 | |
| Altar of Kings | 1 | |
| Barracks | 1 | |
| Farm | 3 | |
| Scout Tower | 9 | |
| Lumber Mill | 1 | |
| Blacksmith | 1 | |
| Arcane Tower | 1 | |
| Castle | 1 | |
| Guard Tower | 3 | |
22 total
» build order
03:18 Keep
03:43 Altar of Kings
03:46 Barracks
03:48 Farm
03:52 Scout Tower
03:54 Farm
03:57 Farm
04:03 Lumber Mill
04:13 Blacksmith
04:19 Arcane Tower
05:45 Castle
06:03 Scout Tower
06:06 Scout Tower
06:07 Scout Tower
06:09 Scout Tower
06:17 Scout Tower
06:19 Scout Tower
06:25 Scout Tower
06:26 Scout Tower
07:00 Guard Tower
07:20 Guard Tower
07:47 Guard Tower

»
heathclef1 (
teal | 56 APM | 1200 actions | 21:37)
6 Archmage
3 Summon Water Elemental
2 Brilliance Aura
1 Mass Teleport
» actions
| Assign group hotkey | 26 | |
| Basic commands | 50 | |
| Build / train | 71 | |
| Enter build submenu | 44 | |
| Enter hero's abilities submenu | 6 | |
| Give item / drop item | 1 | |
| Right click | 348 | |
| Select / deselect | 275 | |
| Select group hotkey | 306 | |
| Use ability | 72 | |
1200 total
» units
| Peasant | 17 | |
| Footman | 7 | |
| Goblin Shredder | 1 | |
| Goblin Zeppelin | 1 | |
| Siege Engine | 6 | |
| Knight | 3 | |
35 total
» upgrades
| Masonry | 2 | |
| Lumber Harvesting | 1 | |
| Barrage | 1 | |
| Gunpowder | 1 | |
| Armor | 1 | |
| Animal War Training | 1 | |
7 total
» buildings
| Altar of Kings | 1 | |
| Barracks | 2 | |
| Farm | 12 | |
| Town Hall | 2 | |
| Arcane Vault | 1 | |
| Lumber Mill | 2 | |
| Blacksmith | 1 | |
| Scout Tower | 18 | |
| Keep | 2 | |
| Guard Tower | 9 | |
| Castle | 1 | |
| Workshop | 5 | |
56 total
» build order
00:08 Altar of Kings
00:15 Barracks
00:24 Farm
01:12 Farm
01:53 Farm
03:37 Town Hall
03:42 Farm
04:46 Arcane Vault
04:58 Lumber Mill
05:08 Lumber Mill
05:20 Blacksmith
05:24 Farm
05:50 Scout Tower
05:51 Scout Tower
05:54 Scout Tower
05:58 Keep
05:58 Keep
06:20 Scout Tower
06:21 Scout Tower
06:22 Scout Tower
06:23 Scout Tower
06:29 Guard Tower
06:53 Guard Tower
07:03 Farm
07:16 Farm
07:22 Guard Tower
07:45 Guard Tower
07:47 Scout Tower
07:48 Scout Tower
07:55 Guard Tower
09:40 Castle
09:43 Workshop
09:45 Workshop
09:47 Workshop
09:48 Workshop
09:54 Workshop
10:20 Guard Tower
10:31 Scout Tower
11:22 Town Hall
13:11 Farm
13:12 Farm
13:15 Farm
13:19 Farm
13:22 Farm
13:26 Scout Tower
15:53 Scout Tower
15:54 Scout Tower
15:56 Scout Tower
15:58 Scout Tower
17:15 Guard Tower
17:22 Scout Tower
17:22 Scout Tower
17:23 Scout Tower
18:02 Guard Tower
19:19 Guard Tower
19:31 Barracks
» items
| Boots of Speed | 1 | |
| Potion of Lesser Invulnerability | 1 | |
| Scroll of Town Portal | 1 | |
| Scroll of Regeneration | 2 | |
| Potion of Healing | 2 | |
| Potion of Mana | 1 | |
| Staff of Sanctuary | 1 | |
| Orb of Fire | 1 | |
10 total

»
Reames (
red | 49 APM | 1167 actions | 23:39)
5 Blademaster
3 Wind Walk
2 Critical Strike
» actions
| Assign group hotkey | 12 | |
| Basic commands | 41 | |
| Build / train | 73 | |
| ESC pressed | 3 | |
| Enter build submenu | 13 | |
| Enter hero's abilities submenu | 5 | |
| Give item / drop item | 5 | |
| Right click | 613 | |
| Select / deselect | 197 | |
| Select group hotkey | 125 | |
| Use ability | 80 | |
1167 total
» units
| Peon | 22 | |
| Shaman | 10 | |
| Tauren | 7 | |
| Goblin Zeppelin | 1 | |
40 total
» upgrades
| Melee Weapons | 2 | |
| Armor | 3 | |
| Shaman Training | 2 | |
| Reinforced Defenses | 1 | |
| Pulverize | 1 | |
| Witch Doctor Training | 1 | |
| Spiked Barricades | 1 | |
11 total
» buildings
| Altar of Storms | 1 | |
| Orc Burrow | 6 | |
| Voodoo Lounge | 1 | |
| Stronghold | 1 | |
| War Mill | 1 | |
| Fortress | 1 | |
| Spirit Lodge | 2 | |
| Tauren Totem | 2 | |
15 total
» build order
00:07 Altar of Storms
00:22 Orc Burrow
01:25 Orc Burrow
02:00 Voodoo Lounge
03:15 Stronghold
03:38 War Mill
05:37 Fortress
05:38 Spirit Lodge
05:39 Spirit Lodge
05:46 Orc Burrow
07:30 Orc Burrow
07:59 Tauren Totem
08:01 Tauren Totem
08:39 Orc Burrow
08:40 Orc Burrow
» items
| Healing Salve | 3 | |
| Lesser Clarity Potion | 4 | |
| Boots of Speed | 1 | |
| Staff of Teleportation | 1 | |
| Scroll of Town Portal | 1 | |
| Tiny Great Hall | 3 | |
13 total
Chat log
(00:05 / All) AAAA: fuck those niggers
(00:10 / Allies) LarryBird.: gold please
(00:47 / Allies) LarryBird.: pink you stupid fuk
(01:03 / Allies) LarryBird.: teal pause a bit
(01:19 / Allies) StickInTheMud: back
(01:39 / Allies) LarryBird.: yeah thx teal you fuking fag
(02:05 / Allies) LarryBird.: thx red
(02:07 / Allies) LarryBird.: your the man
(02:16 / Allies) Reames: np
(03:25 / Allies) Reames: sigh
(06:15 / All) texas: LOL
(08:13 / Allies) StickInTheMud: sorry guys
(08:15 / Allies) StickInTheMud: gotta go
(08:23 / Allies) LarryBird.: you fag
(08:30 / Allies) Reames: ashole
(08:39 / Allies) LarryBird.: teal
(10:38 / Allies) LarryBird.: pink your fag
(10:41 / Allies) LarryBird.: just leave
(11:02 / Allies) LarryBird.: teal
(11:04 / Allies) LarryBird.: come
(11:10 / Allies) LarryBird.: look at this
(11:13 / Allies) LarryBird.: this is a 3 v4
(12:09 / Allies) Reames: we r to hit?
(12:13 / Allies) Reames: i have tauren + bl
(13:07 / Allies) LarryBird.: teal
(13:55 / Allies) Reames: fuck they have air
(14:37 / Allies) Reames: need to hit
(15:11 / Allies) LarryBird.: 3 v4
(15:16 / Allies) LarryBird.: come teal
(15:18 / Allies) Reames: gold plz
(15:25 / Allies) Reames: gold
(15:27 / Allies) Reames: quick
(17:31 / Allies) LarryBird.: no
(17:35 / Allies) LarryBird.: teal
(17:38 / Allies) LarryBird.: b
(17:38 / Allies) LarryBird.: b
(17:38 / Allies) LarryBird.: b
(17:39 / Allies) LarryBird.: b
(17:39 / Allies) LarryBird.: b
(17:39 / Allies) LarryBird.: b
(17:40 / Allies) LarryBird.: b
(17:40 / Allies) LarryBird.: b
(17:50 / Allies) LarryBird.: dont split
(17:54 / Allies) LarryBird.: its already 3 v4
(18:51 / All) texas: GG
(20:19 / Allies) LarryBird.: b
(20:19 / Allies) LarryBird.: b
(20:19 / Allies) LarryBird.: b
(20:20 / Allies) LarryBird.: b
(20:58 / Allies) LarryBird.: teal tp out
(21:06 / Allies) LarryBird.: omg why save pink
(22:40 / Allies) Reames: seriously fuck you piunk
(23:36 / All) Reames: gj you beat us 3v4
(23:47 / All) AAAA: stfu
(24:32 / All) StickInTheMud: gg noob team